 Dungeon Crawl Stone Soup version 0.23-a0-550-g7de1f8e (console) character file.

149 Duffy the Chopper (level 5, -10/49 HPs)
             Began as a Naga Fighter on Dec 8, 2018.
             Killed by divine providence
             ... invoked by an orc priest
              (13 damage)
             ... on level 2 of the Dungeon.
             The game lasted 00:01:35 (1961 turns).

Duffy the Chopper (Naga Fighter)                    Turns: 1961, Time: 00:01:35

Health: -10/49     AC:  5    Str: 20    XL:     5   Next: 31%
Magic:  5/5        EV:  5    Int:  8    God:
Gold:   130        SH:  9    Dex: 10    Spells: 4/4 levels left

rFire    . . .     SeeInvis +   a - +0 war axe
rCold    . . .     Gourm    .   c - +0 shield
rNeg     . . .     Faith    .   b - +0 scale mail
rPois    +         Spirit   .   (no helmet)
rElec    .         Reflect  .   (no cloak)
rCorr    .         Harm     .   (no gloves)
MR       .....                  (no barding)
Stlth    ..........             (no amulet)
HPRegen  0.16/turn              (no ring)
MPRegen  0.09/turn              (no ring)

@: very slow
A: large, see invisible, deformed body, poison resistance, slowness 2, slow
metabolism 1, spit poison 1, AC +1
a: Spit Poison


You were on level 2 of the Dungeon.
You were not hungry.

You visited 1 branch of the dungeon, and saw 2 of its levels.

You collected 130 gold pieces.

Inventory:

Hand Weapons
 a - a +0 war axe (weapon)
 j - a +0 dagger of electrocution
Armour
 b - a +0 scale mail (worn)
 c - a +0 shield (worn)
Scrolls
 g - 3 scrolls of identify {unknown}
 h - 3 scrolls of teleportation {unknown}
 i - a scroll of enchant armour {unknown}
Potions
 d - a potion of might
 e - a potion of magic {unknown}
 k - a potion of curing {unknown}
 l - a potion of lignification {unknown}
 m - a potion of mutation {unknown}
Comestibles
 f - 2 rations


   Skills:
 - Level 3.0 Fighting
 + Level 4.0 Axes
 - Level 2.4 Armour
 + Level 3.8 Shields


You had 4 spell levels left.
You didn't know any spells.
Your spell library was empty.

Dungeon Overview and Level Annotations

Branches:
Dungeon (2/15)

Altars:
The Shining One


Innate Abilities, Weirdness & Mutations

You cannot wear boots.
Your serpentine skin is tough. (AC +1)
You have supernaturally acute eyesight. (SInv)
Armour fits poorly on your strangely shaped body.
Your system is resistant to poisons. (rPois)
You cover ground very slowly.
You have a slow metabolism.
You can spit poison.


Message History

You block the orc's attack.
You hit the orc but do no damage. The orc completely misses you.
You hit the orc.
The orc is almost dead.
The orc hits you with a +0 short sword. x2
You hit the orc but do no damage.
The orc is almost dead.
The orc hits you with a +0 short sword.
You hit the orc.
You kill the orc!
The orc priest hits you but does no damage.
You hit the orc priest but do no damage.
The orc priest looks braver for a moment.
You closely miss the orc priest.
The orc priest hits you with a +0 dagger.
You hit the orc priest.
The orc priest is moderately wounded.
The orc priest mumbles some strange prayers to Beogh against you.
Beogh smites you!
You die...

##.############(#
##.###.#####
##......>.......#
##.#.##
#################
#..## .
...#####..# #
#........# #
########.# #.#
##########.#
#.o@.......#
......##########
#####


You could see an orc priest.

Vanquished Creatures
  An orc wizard (D:2)
  An orc priest (D:2)
  2 adders (D:2)
  2 worms (D:2)
  A dart slug (D:2)
  3 leopard geckos
  7 orcs (D:2)
  7 bats
  9 goblins
  5 hobgoblins
  8 kobolds
  A quokka (D:2)
  2 frilled lizards
  5 rats
54 creatures vanquished.

Notes
Turn   | Place    | Note
-------+----------+-------------------------------------------
     0 | D:1      | Duffy the Naga Fighter began the quest for the Orb.
     0 | D:1      | Reached XP level 1. HP: 21/21 MP: 1/1
   140 | D:1      | Reached XP level 2. HP: 19/28 MP: 2/2
   266 | D:1      | Found a glowing golden altar of the Shining One.
   550 | D:1      | Reached XP level 3. HP: 32/34 MP: 3/3
   749 | D:2      | Reached skill level 3 in Axes
  1228 | D:2      | Reached XP level 4. HP: 42/42 MP: 4/4
  1946 | D:2      | Reached XP level 5. HP: 19/49 MP: 5/5
  1949 | D:2      | Reached skill level 4 in Axes
  1961 | D:2      | Killed from afar by an orc priest

Vault maps used:
D:1:      lightli_arrival_quake, tso_metal_star

Skill      XL: |  1  2  3  4  5 |
---------------+----------------+-----
Shields        | 3 |  3.8
Axes           | 3 4 |  4.0
Fighting       | |  3.0
Armour         | |  2.4

Action                   |  1- 3 |  4- 6 || total
-------------------------+-------+-------++-------
Melee: War axe           |   125 |    56 ||   181
 Abil: Spit Poison       |       |     1 ||     1
  Eat: Chunk             |       |     2 ||     2
Armor: Scale mail        |    78 |    16 ||    94
Dodge: Dodged            |    42 |    11 ||    53
Block: Shield            |    88 |    16 ||   104

Table legend:
 A = Non-vault XP
 B = Vault XP
 C = Vault XP percentage of total XP
 D = Non-vault monster count
 E = Vault monster count
 F = Vault count percentage of total count
                 A         B        C        D         E       F
            +---------+---------+-------+---------+---------+-------
      Total |     214 |       0 |   0.0 |      54 |       0 |   0.0
            +---------+---------+-------+---------+---------+-------
        D:1 |      42 |       0 |   0.0 |      24 |       0 |   0.0
        D:2 |     172 |       0 |   0.0 |      30 |       0 |   0.0
            +---------+---------+-------+---------+---------+-------
